Map: Prion Terraces

Players

llllllllllll

  • Race: Zerg Zerg
  • League: Master

Pokebunny - Winner!

  • Race: Terran Terran
  • League: Grandmaster

VOD

Have the link to the VOD?

Description

Time

  • Played on: April 5, 2016, 7:28 p.m.
  • Length: 9:24
Show
View Real Time Build Order
Export as new Build Order

llllllllllll Zerg 

Build Orders: Hatch First, Zergling Baneling 

Get SALT Encoding   

  12  0:01  Drone  
  13  0:08  Drone  
  14  0:23  Extractor  
  14  0:24  Drone x2, Extractor  
  16  0:42  Hatchery  
  15  0:50  Overlord  
  15  1:03  Spawning Pool  
  14  1:08  Drone  
  14  1:10  Drone  
  16  1:12  Extractor  
  16  1:15  Drone  
  16  1:19  Drone  
  17  1:30  Drone  
  18  1:40  Drone  
  19  1:54  Queen x2  
  19  1:55  Drone  
  19  2:00  Drone  
  25  2:02  Drone  
  26  2:13  Drone  
  26  2:14  Drone  
  28  2:20  Metabolic Boost  
  28  2:22  Overlord  
  27  2:35  Drone  
  28  2:39  Queen x2  
  28  2:41  Drone  
  28  2:42  Drone  
  34  2:50  Drone  
  35  2:55  Drone  
  35  2:56  Overlord  
  35  2:58  Overlord  
  36  3:19  Queen x2  
  40  3:21  Zergling x6  
  40  3:22  Zergling x4  
  45  3:37  Zergling x2  
  45  3:38  Zergling x2  
  47  3:55  Hatchery  
  47  4:00  Zergling x14, Baneling Nest  
  52  4:15  Overlord x4  
  52  4:36  Zergling x16  
  60  4:48  Drone  
  60  4:52  Baneling  
  61  4:53  Baneling x6  
  61  4:54  Baneling x5  
  61  4:55  Baneling x2  
  61  4:56  Zergling x4  
  63  5:04  Zergling x4  
  65  5:08  Zergling x2  
  65  5:09  Zergling x14  
  71  5:24  Zergling x2  
  71  5:25  Zergling x6  
  70  5:38  Zergling x6  
  70  5:39  Zergling x12  
  75  5:46  Baneling x5  
  75  5:48  Zergling x4  
  77  5:55  Baneling  
  77  5:56  Baneling  
  77  5:57  Zergling x6  
  69  6:13  Zergling x10  
  74  6:30  Zergling x12  
  74  6:31  Zergling x2  
  81  6:39  Baneling  
  77  6:40  Baneling x3  
  77  6:43  Zergling x6  
  61  6:58  Zergling x10  
  54  7:03  Zergling x2  
  54  7:04  Zergling x10  
  60  7:15  Zergling x2  
  61  7:16  Zergling x10  
  61  7:18  Hatchery  
  61  7:21  Zergling x4  
  67  7:26  Extractor  
  67  7:27  Drone x2  
  68  7:30  Drone  
  68  7:31  Overlord  
  68  7:32  Zergling x4  
  71  7:39  Zergling x4  
  71  7:40  Zergling x4  
  71  7:43  Zergling x4  
  77  7:49  Zergling x8  
  81  7:56  Zergling x2  
  81  7:57  Zergling x4  
  84  8:01  Zergling x8  
  88  8:07  Zergling x4  
  88  8:11  Zergling x6  
  88  8:12  Zergling x2  
  94  8:17  Zergling x2  
  85  8:21  Baneling x7  
  85  8:22  Baneling x7  
  85  8:27  Zergling x6  
  85  8:28  Zergling x4  
  85  8:34  Drone x6  
  81  8:52  Drone x3  
  81  8:53  Drone x7  
  90  8:59  Evolution Chamber  
  79  9:04  Drone, Evolution Chamber  
  79  9:05  Drone x3  
  82  9:10  Drone x3  
  82  9:12  Drone  
  82  9:15  Extractor  
  82  9:16  Extractor  
Show
View Real Time Build Order
Export as new Build Order

Pokebunny Terran - Winner!

Build Orders: Reaper Expand, MMM Bio 

Get SALT Encoding   

  12  0:01  SCV  
  13  0:13  SCV  
  14  0:17  Supply Depot  
  14  0:25  SCV  
  15  0:39  SCV  
  15  0:41  Barracks  
  16  0:44  Refinery  
  16  0:51  SCV  
  17  1:03  SCV  
  18  1:15  SCV  
  19  1:27  Orbital Command  
  19  1:28  Reaper  
  20  1:39  Command Center  
  20  1:49  Supply Depot  
  20  1:53  SCV  
  21  2:00  Barracks Reactor  
  21  2:05  Barracks  
  21  2:06  SCV  
  22  2:15  Barracks  
  22  2:19  SCV  
  23  2:23  Refinery  
  23  2:31  SCV  
  24  2:37  Marine  
  24  2:38  Marine  
  24  2:43  SCV  
  27  2:51  Orbital Command  
  27  2:52  Factory  
  27  2:59  SCV  
  27  3:02  Barracks Tech Lab  
  27  3:04  Marine  
  29  3:10  Marine x2  
  31  3:15  SCV  
  32  3:20  SCV  
  32  3:22  Marine, Stimpack  
  32  3:23  Marine  
  35  3:28  Marine, SCV  
  35  3:32  Marine  
  38  3:36  Starport  
  38  3:37  Factory Reactor  
  38  3:41  SCV x2  
  40  3:54  Marine x4  
  44  4:01  Supply Depot x2  
  44  4:02  SCV x2  
  46  4:07  Bunker  
  46  4:20  Factory Tech Lab  
  46  4:22  Marine x4  
  46  4:23  Medivac x2, SCV x2  
  56  4:35  SCV x2  
  58  4:39  Siege Tank  
  58  4:40  Command Center  
  61  4:47  SCV  
  61  4:51  Barracks Reactor  
  62  4:55  Supply Depot  
  62  4:58  Supply Depot  
  62  5:02  Engineering Bay  
  62  5:04  Engineering Bay  
  62  5:16  Marine x3, SCV x2  
  64  5:23  Combat Shields  
  64  5:24  Refinery  
  64  5:25  Refinery, Siege Tank  
  66  5:28  SCV  
  66  5:29  Supply Depot, SCV  
  68  5:38  Marine x3  
  63  5:46  Marine  
  63  5:47  Marine  
  55  5:54  Orbital Command  
  55  5:56  Marine  
  53  6:16  Marine x3  
  54  6:26  Medivac  
  55  6:36  Orbital Command  
  55  7:00  SCV  
  48  7:02  Terran Infantry Armor Level 1, Terran Infantry Weapons Level 1  
  48  7:03  SCV  
  48  7:15  Siege Tank  
  51  7:16  Marine x3  
  51  7:17  Marine x2  
  57  7:22  SCV  
  57  7:23  SCV x2  
  59  7:30  Supply Depot x2, Bunker  
  59  7:43  Marine x5  
  64  7:47  Siege Tank, Medivac  
  64  7:49  SCV  
  64  7:50  SCV x2  
  72  7:55  Medivac  
  74  8:01  SCV  
  74  8:02  Marine, SCV x2  
  74  8:03  Marine x3  
  74  8:04  Marine  
  82  8:07  Armory  
  82  8:13  Supply Depot  
  82  8:19  Barracks  
  74  8:20  Barracks  
  74  8:25  Siege Tank, Marine x3  
  74  8:26  Marine  
  81  8:35  Marine  
  81  8:37  SCV x3  
  85  8:43  Marine x3  
  88  8:54  Marine  
  89  8:57  Orbital Command  
  92  9:08  SCV x2  
  91  9:10  Barracks Reactor  
  91  9:11  Barracks Reactor  
  91  9:15  Refinery  
  91  9:16  Supply Depot x2  
Tags
 
Add a new tag
Caveats
  • Supply blocks, unpowered buildings, or Contaminate may cause inaccurate times.
  • Supply counts are checked every 10 seconds.